 Dungeon Crawl Stone Soup version 0.31-a0-744-gbc345e7fcb (webtiles) character file.

Game seed: 1790992137908026519

12 Bravepunisher the Ducker (level 2, -3/16 HPs)
             Began as a Spriggan Monk on Sept 13, 2023.
             Slain by a wolf (7 damage)
             ... on level 7 of the Dungeon.
             The game lasted 00:02:01 (270 turns).

Bravepunisher the Ducker (Spriggan Monk)             Turns: 270, Time: 00:02:02

Health: -3/16      AC:  2    Str:  7    XL:     2   Next: 20%
Magic:  3/3        EV: 19    Int: 11    God:
Gold:   5          SH:  0    Dex: 17    Spells: 1/1 levels left

rFire   . . .        a - +0 short sword
rCold   . . .        d - orb {light}
rNeg    . . .        b - +0 robe
rPois   .            (helmet restricted)
rElec   .            (no cloak)
rCorr   .            (gloves unavailable)
SInv    +            (boots unavailable)
Will    .....        (no amulet)
Stlth   +            (no ring)
HPRegen 0.22/turn    (no ring)
MPRegen 0.08/turn

%: no passive effects
@: glowing, very quick
A: very small, no large weapons, unfitting armour, see invisible, speed 3
a: no special abilities


You were on level 7 of the Dungeon.
You visited 1 branch of the dungeon, and saw 7 of its levels.

You collected 5 gold pieces.

Inventory:

Hand Weapons
 a - a +0 short sword (weapon)
Armour
 b - a +0 robe (worn)
 d - an orb of light (worn)
Scrolls
 e - a scroll of acquirement {unknown}
 f - a scroll of amnesia {unknown}
Potions
 c - a potion of ambrosia


   Skills:
 + Level 2.6 Fighting
 - Level 3.2 Short Blades
 * Level 4.6 Dodging


You had one spell level left.
You didn't know any spells.
Your spell library was empty.

Dungeon Overview and Level Annotations

Branches:
Dungeon (7/15)
 Temple: D:4-7

Altars:

Shops:
D:3 [

Annotations:
D:4 Duvessa, Grinder


Innate Abilities, Weirdness & Mutations

You are very small and have problems with some larger weapons.
You are too small for most types of armour.
You have supernaturally acute eyesight. (SInv)
You cover ground extremely quickly. (Speed+++)


Message History

The gnoll shouts! x2
A gnoll comes into view. It is wielding a +0 halberd.
The gnoll shouts!
A gnoll comes into view.
It is wielding a +1 whip of electrocution.
Found a dagger.
A shadow imp comes into view.
The shadow imp shouts!
Found a hand axe.
Found a stone staircase leading down.
A gnoll and a wolf come into view.
Found an escape hatch in the ceiling.
The gnoll shouts!
The wolf howls! 2 gnolls come into view.
The gnoll shouts!
You hear a bark!
A gnoll comes into view. It is wielding a +0 whip.
The gnoll throws a stone.
The stone hits you.
* * * LOW HITPOINT WARNING * * *
An electric eel comes into view.
Found a stone staircase leading down.
The gnoll throws a boomerang.
The boomerang completely misses you.
The electric eel shoots out a bolt of lightning at you!
The bolt of electricity misses you. x2
The shadow imp hits you but does no damage.
The orc throws a boomerang.
The boomerang closely misses you.
You hear a bark!
The gnoll misses you.
Found 7 stones.
The gnoll throws a stone.
The stone hits you.
* * * LOW HITPOINT WARNING * * *
The wolf barely misses you.
There is a stone staircase leading down here.
The gnoll throws a boomerang.
The boomerang misses you. The wolf misses you.
The orc priest begins to cast a cantrip, but forgets the words!
You climb downwards.
You hear the hiss of flowing sand.
There is an entrance to an ossuary on this level.
Hurry and find it before the portal is buried!
Found 23 gold pieces.
There is a stone staircase leading up here.
Found a scroll labelled XICUSOFOST.
The wolf attacks as it pursues you! The wolf bites you!
You die...

#..#
#.##$.#
#.##..#
#.##..#
#..#..#
#....$#
#..##.#
#....<#
#@###.#
#?h...#
#.#####
#.. #.#
#.. ###


You could see a wolf.

Vanquished Creatures
  An adder (D:5)
  A dart slug (D:2)
  A bat (D:3)
3 creatures vanquished.

Notes
Turn   | Place    | Note
-------+----------+-------------------------------------------
     0 | D:1      | Bravepunisher the Spriggan Monk began the quest for the
                  | Orb.
     0 | D:1      | Reached XP level 1. HP: 11/11 MP: 2/2
    56 | D:3      | Found Kepsuc's Antique Armour Emporium.
    72 | D:4      | Noticed Grinder
   112 | D:4      | Noticed Duvessa
   176 | D:5      | Entered Level 5 of the Dungeon
   190 | D:5      | Reached XP level 2. HP: 15/16 MP: 3/3
   201 | D:6      | Noticed a black bear
   217 | D:6      | Noticed an orc warrior
   251 | D:6      | Noticed a wolf
   254 | D:6      | Noticed an electric eel
   270 | D:7      | Slain by a wolf

Illustrated notes

Levels and vault maps discovered:
D:1:      tarquinn_simple_flora_water_b, layout_loops_corners,
          ebering_ecumenical_altar_abandoned, minmay_misc_feat_enclosed
D:2:      layout_basic, uniq_crazy_yiuf_cottage, uniq_sigmund
D:3:      layout_loops_ring, serial_shops, shop
D:4:      minmay_chambers_of_twos, layout_layer_cave, hex_large, uniq_grinder,
          uniq_duvessa
D:5:      layout_loops_cross, gammafunk_temple_overflow_elements,
          gup_sewer_entry_spiral, gammafunk_ghost_abyssal_escape
D:6:      layout_cave_pools, serial_gnoll_camp, gnoll_camp_medium_02,
          gnoll_camp_huts_moat, gnoll_camp_mini_loothouse, gnoll_camp_mini_hut,
          gnoll_camp_mini_hut, gnoll_camp_mini_doghouse
D:7:      layout_basic, minmay_temple_entry_enclosed_plants,
          nicolae_ossuary_entry_monument, minmay_crystal_room,
          kennysheep_cross_bottleneck, minmay_misc_feat_roman, minivault_25

Action                     || total
---------------------------++-------
  Melee: Short sword       ||    10
 Armour: Robe              ||     9
  Dodge: Dodged            ||    19

Table legend: (Time is in decaauts)
 A = Elapsed time spent in this place.
 B = Non-inter-level travel time spent in this place.
 C = Inter-level travel time spent in this place.
 D = Time resting spent in this place.
 E = Time spent auto-exploring this place.
 F = Levels seen in this place.
 G = Mean time per level.
                   A        B        C        D        E       F      G
               +--------+--------+--------+--------+--------+-----+--------+
         Total |    171 |    171 |      0 |      0 |     17 |   7 |   24.4 |
       Dungeon |    171 |    171 |      0 |      0 |     17 |   7 |   24.4 |
               +--------+--------+--------+--------+--------+-----+--------+

Top non-repeatable levels by time:
     D:4: 62 daAuts
     D:6: 45 daAuts
     D:2: 31 daAuts
     D:5: 10 daAuts
     D:3: 10 daAuts
     D:1: 7 daAuts
     D:7: 3 daAuts
